 Dungeon Crawl Stone Soup version 0.30-a0-1016-gfb0d676c02 (webtiles) character file.

Game seed: 3007056348807693439

2479202 freelancePsychic the Intangible (level 26, 154/154 HPs)
             Began as a Spriggan Wanderer on Apr 5, 2023.
             Was the Champion of Wu Jian.
             Escaped with the Orb
             ... and 4 runes on Apr 6, 2023!
             The game lasted 02:55:36 (62774 turns).

freelancePsychic the Intangible (SpWn)             Turns: 62774, Time: 02:55:37

Health: 154/154    AC: 15    Str: 10    XL:     26   Next: 60%
Magic:  43/43      EV: 57    Int: 14    God:    Wu Jian [******]
Gold:   4286       SH: 12    Dex: 32    Spells: 44/55 levels left

rFire   + . .      SeeInvis +    b - +9 rapier (spect)
rCold   . . .      Faith    .    T - +3 buckler {reflect}
rNeg    . . .      Spirit   .    d - +1 acid dragon scales "Vug Gar" {rElec rCorr Dex+5}
rPois   .          Reflect  +    (helmet restricted)
rElec   +          Rampage  .    x - +4 dragonskin cloak
rCorr   +                        (gloves unavailable)
Will    ++++.                    (boots unavailable)
Stlth   +++                      B - amulet of regeneration
HPRegen 1.25/turn                G - ring of Yendor {+Blink EV+5 Int+3 Dex+4}
MPRegen 0.28/turn                a - ring of protection from fire

@: studying Axes, very quick
A: very small, no large weapons, unfitting armour, see invisible, speed 3,
hooves 1, clumsy 1, deterioration 1, dopey 1
0: Orb of Zot
}: 4/15 runes: decaying, serpentine, silver, abyssal
a: Renounce Religion, Evoke Blink, Wall Jump, Serpent's Lash, Heavenly Storm


You escaped.
You worshipped Wu Jian.
Wu Jian was exalted by your worship.
You visited 10 branches of the dungeon, and saw 50 of its levels.
You visited the Abyss 1 time.
You visited 1 bazaar.
You also visited: Sewer, Ossuary and Bailey.

You collected 10193 gold pieces.
You spent 5907 gold pieces at shops.

Inventory:

Hand Weapons
 b - a +9 spectral rapier (weapon)
Missiles
 c - 44 boomerangs (quivered)
 z - 5 throwing nets
 H - 3 silver boomerangs
Armour
 d - the +1 acid dragon scales "Vug Gar" (worn) {rElec rCorr Dex+5}
   (You acquired it on level 4 of the Dungeon)

   Dex:       It affects your dexterity (+5).
   rElec:     It insulates you from electricity.
   rCorr:     It protects you from acid and corrosion.
 u - a scarf of invisibility
 x - the +4 dragonskin cloak (worn)
   (You took it off Tiamat on level 2 of the Realm of Zot)

   Avatar's Aegis: It grants the wearer a chance to resist fire, cold, poison,
   electricity, acid, and negative energy.
 J - a +0 cloak of preservation
 T - a +3 buckler of reflection (worn)
Jewellery
 a - a ring of protection from fire (right hand)
 i - the ring "Qeydy" {rF+++ rC- Will+++ rCorr Dex-5}
   (You found it on level 5 of the Vaults)

   [ring of resist corrosion]

   Dex:       It affects your dexterity (-5).
   rF:        It renders you almost immune to fire.
   rC:        It makes you vulnerable to cold.
   rCorr:     It protects you from acid and corrosion.
   Will:      It greatly increases your willpower.
 m - a ring of poison resistance
 B - an amulet of regeneration (around neck)
 G - the ring of Yendor (left hand) {+Blink EV+5 Int+3 Dex+4}
   (You found it on level 3 of the Elven Halls)

   [ring of evasion]

   EV:        It affects your evasion (+5).
   Int:       It affects your intelligence (+3).
   Dex:       It affects your dexterity (+4).
   +Blink:    It lets you blink.
Wands
 F - a wand of digging (17)
 I - a wand of paralysis (37)
 L - a wand of roots (24)
 N - a wand of acid (33)
 S - a wand of flame (100)
 Y - a wand of mindburst (11)
Scrolls
 e - 25 scrolls of teleportation {@r4}
 k - 4 scrolls of brand weapon
 l - a scroll of fog
 v - 8 scrolls of enchant armour
 w - 6 scrolls of blinking
 y - 12 scrolls of fear
 E - 7 scrolls of vulnerability
 M - 2 scrolls of butterflies
 R - 8 scrolls of immolation
 Z - 17 scrolls of poison
Potions
 g - 15 potions of curing {@q1}
 h - 16 potions of brilliance
 j - 11 potions of mutation
 n - 9 potions of magic
 o - 13 potions of attraction
 p - 4 potions of ambrosia
 q - 4 potions of cancellation
 r - 2 potions of invisibility
 s - 12 potions of lignification
 t - 5 potions of berserk rage
 C - 2 potions of flight
 D - 2 potions of haste {@q3}
 P - 3 potions of might
 U - 3 potions of heal wounds {@q2}
 X - 7 potions of resistance
Miscellaneous
 f - a phial of floods
 A - a phantom mirror
 K - a condenser vane
 O - a lightning rod (4/4)
 Q - a tin of tremorstones (2/2)
 V - a box of beasts


   Skills:
 + Level 20.8 Fighting
 - Level 13.9(14.0) Short Blades
 - Level 1.5(7.0) Long Blades
 - Level 1.3 Polearms
 - Level 2.0 Throwing
 - Level 11.7 Armour
 O Level 27 Dodging
 * Level 21.6 Stealth
 - Level 10.0 Shields
 - Level 15.0 Spellcasting
 - Level 22.1 Air Magic
 - Level 23.7 Evocations


You had 44 spell levels left.
You knew the following spells:

 Your Spells              Type           Power      Damage    Failure   Level
a - Maxwell's Capacitive  Air            32%        ∞         11%         8
b - Vhi's Electric Charg  Tloc/Air       82%        N/A       1%          3

Your spell library contained the following spells:

 Spells                   Type           Power      Damage    Failure   Level
 Swiftness                Air            64%        N/A       0%          3
 Airstrike                Air            32%        2d(5-21)  0%          4
 Cigotuvi's Dreadful Rot  Necr/Pois/Air  62%        N/A       1%          2
 Poisonous Vapours        Pois/Air       82%        N/A       1%          2
 Static Discharge         Conj/Air       82%        2-6/arc   1%          2
 Summon Lightning Spire   Summ/Air       41%        N/A       1%          4
 Mephitic Cloud           Conj/Pois/Air  31%        N/A       2%          3
 Arcjolt                  Conj/Air       20%        1d30      4%          5
 Silence                  Hex/Air        20%        N/A       4%          5
 Beastly Appendage        Tmut           20%        N/A       14%         1
 Kiss of Death            Conj/Necr      40%        2d8       14%         1
 Magic Dart               Conj           40%        1d5       14%         1
 Necrotise                Necr           40%        1d6       14%         1
 Sandblast                Erth           20%        2d7       14%         1
 Slow                     Hex            40%        N/A       14%         1
 Sting                    Tmut/Pois      40%        1d5       14%         1
 Freezing Cloud           Conj/Ice/Air   15%        6-21      21%         5
 Blink                    Tloc           20%        N/A       22%         2
 Call Imp                 Summ           10%        N/A       22%         2
 Ensorcelled Hibernation  Hex/Ice        20%        N/A       22%         2
 Lesser Beckoning         Tloc           20%        N/A       22%         2
 Momentum Strike          Conj/Tloc      20%        3d8       22%         2
 Passwall                 Tmut/Erth      8%         N/A       22%         2
 Sublimation of Blood     Necr           10%        N/A       22%         2
 Wereblood                Tmut           10%        N/A       22%         2
 Plasma Beam              Fire/Air       20%        2x1d35    24%         6
 Call Canine Familiar     Summ           10%        N/A       41%         3
 Confusing Touch          Hex            10%        N/A       41%         3
 Frozen Ramparts          Ice            20%        1d4       41%         3
 Gell's Gravitas          Tloc           10%        N/A       41%         3
 Hailstorm                Conj/Ice       10%        3d5       41%         3
 Ignite Poison            Fire/Tmut/Pois 10%        N/A       41%         3
 Inner Flame              Hex/Fire       10%        N/A       41%         3
 Ozocubu's Armour         Ice            10%        N/A       41%         3
 Portal Projectile        Hex/Tloc       20%        N/A       41%         3
 Spider Form              Tmut/Pois      10%        N/A       41%         3
 Stone Arrow              Conj/Erth      20%        3d8       41%         3
 Teleport Other           Tloc           10%        N/A       41%         3
 Tukima's Dance           Hex            10%        N/A       41%         3
 Vampiric Draining        Necr           10%        2d6       41%         3
 Storm Form               Tmut/Air       20%        N/A       78%         7
 Anguish                  Hex/Necr       5%         N/A       82%         4
 Animate Dead             Necr           10%        N/A       82%         4
 Cause Fear               Hex            5%         N/A       82%         4
 Dispel Undead            Necr           10%        3d9       82%         4
 Flame Wave               Conj/Fire      10%        2d6       82%         4
 Ice Form                 Ice/Tmut       10%        N/A       82%         4
 Leda's Liquefaction      Hex/Erth       5%         N/A       82%         4
 Manifold Assault         Tloc           10%        N/A       82%         4
 Olgreb's Toxic Radiance  Pois           10%        N/A       82%         4
 Passage of Golubria      Tloc           10%        N/A       82%         4
 Petrify                  Tmut/Erth      10%        N/A       82%         4
 Sticky Flame             Conj/Fire      10%        2d3       82%         4
 Summon Ice Beast         Ice/Summ       10%        N/A       82%         4
 Agony                    Necr           10%        N/A       99%         5
 Alistair's Intoxication  Tmut/Pois      6%         N/A       99%         5
 Borgnjor's Vile Clutch   Necr/Erth      5%         N/A       99%         5
 Irradiate                Conj/Tmut      5%         3d13      99%         5
 Lee's Rapid Deconstruct  Erth           5%         3d6*      99%         5
 Metabolic Englaciation   Hex/Ice        5%         N/A       99%         5
 Summon Forest            Summ/Tloc      5%         N/A       99%         5
 Summon Mana Viper        Hex/Summ       10%        N/A       99%         5
 Yara's Violent Unravell  Hex/Tmut       5%         3d4       99%         5
 Death Channel            Necr           5%         N/A       100%        6
 Dispersal                Tloc           5%         N/A       100%        6
 Eringya's Noxious Bog    Tmut/Pois      5%         N/A       100%        6
 Iron Shot                Conj/Erth      5%         9d2       100%        6
 Simulacrum               Ice/Necr       5%         N/A       100%        6
 Statue Form              Tmut/Erth      6%         N/A       100%        6
 Summon Cactus Giant      Summ           5%         N/A       100%        6
 Enfeeble                 Hex            5%         N/A       100%        7
 Monstrous Menagerie      Summ           5%         N/A       100%        7
 Orb of Destruction       Conj           5%         9d5       100%        7
 Ozocubu's Refrigeration  Ice            5%         4d8       100%        7
 Spellforged Servitor     Conj/Summ      5%         N/A       100%        7
 Borgnjor's Revivificati  Necr           5%         N/A       100%        8
 Discord                  Hex            5%         N/A       100%        8
 Disjunction              Tloc           5%         N/A       100%        8
 Ignition                 Fire           5%         3d4       100%        8
 Necromutation            Tmut/Necr      5%         N/A       100%        8
 Death's Door             Necr           5%         N/A       100%        9
 Polar Vortex             Ice            5%         N/A       100%        9


Dungeon Overview and Level Annotations

Branches:
Dungeon (15/15)            Temple (0/1) D:5            Lair (5/5) D:10
  Swamp (4/4) Lair:3        Snake (4/4) Lair:2        Slime (0/5) Lair:5
    Orc (2/2) D:12            Elf (3/3) Orc:2        Vaults (5/5) D:14
  Crypt (3/3) Vaults:3       Tomb (0/3) Crypt:3      Depths (4/4) D:15
    Zot (5/5) Depths:4      Sewer (visited)         Ossuary (visited)
 Bailey (visited)

Altars:
Ashenzari
Elyvilon
Fedhas
Gozag
Hepliaklqana
Kikubaaqudgha
Makhleb
Qazlal
Sif Muna
Uskayaw
Vehumet
Wu Jian
Yredelemnul
Zin
The Shining One
Jiyva

Shops:
D:9 *   D:12 :?[   Orc:2 *[?:   Elf:1 ((   Elf:3 ?   Snake:1 (*?   Vaults:2 [
Vaults:3 =   Depths:4 :

Portals:
Hell: Depths:1 Depths:2 Depths:3 Depths:4
Abyss: Depths:3 Depths:4
Pandemonium: Orc:2 Depths:2
Ziggurat: Depths:1

Annotations:
D:4 1 runed translucent door, Crazy Yiuf, Grinder
D:5 Edmund
D:11 2 transporters, Sobieck's ghost, journeyman KoEE
Swamp:2 Roxanne
Snake:3 exclusion: downstairs
Elf:2 3 runed translucent doors
Depths:2 exclusion: orange crystal statue


Innate Abilities, Weirdness & Mutations

You are very small and have problems with some larger weapons.
You are too small for most types of armour.
You have supernaturally acute eyesight. (SInv)
You cover ground extremely quickly. (Speed+++)
You have large cloven feet.
You are clumsy. (Dex -2)
Your body sometimes deteriorates upon taking damage.
You are dopey. (Int -2)


Message History

The Hell Sentinel gestures at you.
The sphere of damnation explodes!
The damnation engulfs you!!!
You climb upwards.
There is a stone staircase leading down here.
(D) Dungeon (T) Temple (L) Lair (S) Swamp (P) Snake Pit (M) Slime Pits (O) Orcish Mines (E) Elven Halls (V) Vaults (C) Crypt (W) Tomb (U) Depths (H) Hell (Z) Zot
Where to? (Enter - D:1 @ (x,y), ? - help)
Items here: )) [[.
There is a stone staircase leading up here.
You climb upwards.
Level annotation: Edmund
There is a stone staircase leading down here.
HP restored.
Edmund is nearby!
Unknown command.
Edmund shouts!
(D) Dungeon (T) Temple (L) Lair (S) Swamp (P) Snake Pit (M) Slime Pits (O) Orcish Mines (E) Elven Halls (V) Vaults (C) Crypt (W) Tomb (U) Depths (H) Hell (Z) Zot
Where to? (Enter - D:1 @ (x,y), ? - help)
There is a stone staircase leading up here.
There is a stone staircase leading up here.
You climb upwards.
Level annotation: 1 runed translucent door, Crazy Yiuf, Grinder
There is a stone staircase leading down here.
There is a stone staircase leading up here.
You climb upwards.
There is a stone staircase leading down here.
There is an open door here.
There is a stone staircase leading up here.
You climb upwards.
There is a stone staircase leading down here.
There is a stone staircase leading up here.
You climb upwards.
There is a stone staircase leading down here.
There is a staircase leading out of the dungeon here.
You have escaped!

#....#
##.#........##......#....
####.#
#.....P#~#..##......##÷.#
#.#
#.....##~##........###...
#.# #.....~S~~~.#......#
#...
####.####.....##~##.##.....#
####
#.............P#~#P.##.....#
#...
#########......P.P...#...).#
#### #..............#####
#... #####...@......# #.##
#.......##########.#.
#..P.P..### #....#.#.
#.P#~#P...###....#.'.
#.##~##.#........####
#.~~~~~.####.........
#.##~##.# #.........
#.P#~#P.# #.........
#..P.P..# #.........


You could see a ball python (wandering).

Vanquished Creatures
  Tiamat (Zot:2)
  2 dread liches (Zot:5)
  An ancient lich (Zot:5)
  6 orbs of fire
  3 Killer Klowns
  Saint Roka (Vaults:1)
  Vv (Crypt:3)
  Bai Suzhen (Vaults:5)
  Frederick (Vaults:5)
  4 curse toes
  A profane servitor (Crypt:3)
  14 golden dragons
  2 bone dragons
  3 electric golems
  Jorgrun (Elf:1)
  An Ice Fiend (Zot:5)
  Rupert (D:14)
  22 tentacled monstrosities
  Zenata (Elf:3)
  2 walking crystal tomes
  17 Orb Guardians (Zot:5)
  8 titans
  11 quicksilver dragons
  A walking divine tome (Depths:3)
  Asterion (Vaults:1)
  A walking frostbound tome (Depths:3)
  A deep elf master archer (Elf:3)
  3 deep elf blademasters (Elf:3)
  3 sphinxes
  8 ancient champions
  Frances (Snake:2)
  A tentacled starspawn (Abyss:3)
  19 shadow dragons
  4 death cobs
  Agnes (Elf:1)
  A thorn hunter (Swamp:3)
  11 storm dragons
  Kirke (D:14)
  4 tengu reavers
  2 revenants (Crypt:3)
  10 draconian monks
  4 nagarajas
  2 fenstrider witches
  8 deep elf sorcerers
  8 frost giants
  12 fire giants
  4 draconian knights
  7 iron dragons
  Aizul (Swamp:2)
  16 vault wardens
  2 draconian shifters (Zot:1)
  4 ghost moths
  6 ghouls
  5 draconian annihilators
  7 draconian scorchers
  19 ironbound preservers
  2 orc warlords
  3 deep elf elementalists (Elf:3)
  2 curse skulls
  9 ironbound thunderhulks
  22 very ugly things
  6 draconian stormcallers
  13 stone giants
  3 deep elf demonologists
  3 vampire knights
  5 war gargoyles
  21 green draconians
  18 black draconians
  20 purple draconians
  5 eleionomae
  7 deep elf annihilators
  12 spark wasps
  20 red draconians
  3 dire elephants (Vaults:4)
  13 white draconians
  12 yellow draconians
  4 bunyips
  3 eidola
  A crystal guardian (Vaults:1)
  3 mummy priests (Crypt:3)
  12 ettins
  2 entropy weavers
  10 fire dragons
  6 deep elf high priests
  20 jiangshi
  7 great orbs of eyes
  9 deep elf death magi
  Fannar (Lair:2)
  12 yaktaur captains
  A spriggan zombie (Depths:1)
  A shambling mangrove (Swamp:4)
  12 hydras
  29 vault guards
  11 ice dragons
  5 spriggan air magi
  2 demonspawn (Orc:2)
  Harold (D:9)
  An anaconda (shapeshifter) (Vaults:5)
  24 centaur warriors
  2 salamander tyrants
  5 rakshasas
  12 ironbound frosthearts
  2 catoblepae (Abyss:3)
  A peacekeeper (Vaults:1)
  3 death knights (Crypt:1)
  3 ghost crabs
  8 boulder beetles
  6 two-headed ogres
  7 alligators
  9 dancing weapons
  5 ogre magi
  10 anacondas
  9 deep troll earth magi
  8 vampire magi
  14 death yaks
  7 deep troll shamans
  18 naga warriors
  8 tengu warriors
  A thrashing horror (Abyss:1)
  4 spriggan berserkers
  Urug (D:14)
  6 shock serpents
  2 soul eaters
  9 spriggans
  13 naga sharpshooters
  8 hell knights (Depths:3)
  A sun demon (Depths:2)
  2 deep elf knights
  6 orc high priests
  A bennu skeleton (Crypt:3)
  3 shadow wraiths
  21 skeletal warriors
  2 titan skeletons
  A sixfirhy (D:13)
  4 skysharks
  A skyshark (shapeshifter) (D:15)
  An anaconda zombie (Crypt:1)
  A deep troll (shapeshifter) (Elf:1)
  6 sea snakes (Snake:4)
  A storm dragon skeleton (Depths:1)
  7 iron trolls
  A sea snake (shapeshifter) (Vaults:5)
  7 glowing orange brains
  6 flayed ghosts
  A spectral hydra (Swamp:4)
  A bunyip zombie (Crypt:2)
  3 salamander mystics
  6 lindwurms
  7 naga ritualists
  7 goliath frogs
  47 deep trolls
  A shadow demon (Depths:2)
  6 death drakes
  A spriggan druid (Swamp:3)
  4 swamp dragons
  8 wizards
  Pikel (D:8)
  A spriggan simulacrum (Crypt:1)
  A shadow dragon zombie (Depths:1)
  16 phantasmal warriors
  5 deep elf archers
  4 bog bodies
  21 ironbound convokers
  17 deep elf pyromancers
  9 orc knights
  A stone giant zombie (Crypt:1)
  15 deep elf zephyrmancers
  9 necromancers
  An iron dragon zombie (Crypt:2)
  9 orc sorcerers
  2 shadow dragon skeletons (Crypt:2)
  A tengu zombie (Vaults:1)
  3 will-o-the-wisps (Swamp:1)
  A wolf spider (Lair:5)
  29 ugly things
  24 salamanders
  10 mana vipers
  A cyclops (shapeshifter) (Vaults:5)
  A goliath frog skeleton (Crypt:1)
  A fire giant zombie (Vaults:4)
  A shining eye (shapeshifter) (Vaults:4)
  25 moths of wrath
  An oklob plant (Lair:3)
  7 cyclopes
  3 manticores
  The ghost of LobsterGuardian the Covert, a novice FeEn of Sif Muna (D:8)
  Maurice (D:9)
  19 naga magi
  10 elephants
  A spectral centaur (Crypt:2)
  Joseph (D:9)
  4 rust devils
  8 vault sentinels
  49 black mambas
  10 guardian serpents
  An orange demon (D:13)
  2 gargoyles
  A torpor snail (Lair:5)
  13 cane toads
  A titan simulacrum (Crypt:1)
  2 dire elephant skeletons (Crypt:1)
  4 kobold demonologists
  3 unseen horrors (Depths:3)
  An eye of devastation (Lair:5)
  A naga skeleton (Crypt:1)
  2 rime drakes
  8 komodo dragons
  26 yaktaurs
  A pale draconian skeleton (Crypt:3)
  11 guardian mummies
  4 catoblepas skeletons (Abyss:3)
  8 swamp worm zombies
  2 ice devils (D:13)
  A red devil (Orc:2)
  6 freezing wraiths
  6 trolls
  3 hydra zombies (Swamp:4)
  A mana viper zombie (Crypt:3)
  2 tengu conjurers
  A green draconian skeleton (Crypt:2)
  3 meliai (D:14)
  A harpy zombie (Crypt:3)
  A bloated husk (Swamp:3)
  A wind drake (shapeshifter) (D:15)
  2 harpy skeletons (Crypt:1)
  2 mana viper skeletons
  A hellwing (Depths:2)
  Prince Ribbit (Bailey)
  10 hornets
  7 polar bears
  2 tyrant leeches
  An iron dragon simulacrum (Crypt:1)
  2 dream sheep (shapeshifter)
  A spectral swamp dragon (Swamp:4)
  3 alligator zombies (Swamp:4)
  3 large abominations (Depths:3)
  13 blink frogs
  5 dream sheep (Lair:5)
  22 slime creatures
  9 wraiths
  A shadow (D:11)
  45 yaks
  A vampire (D:9)
  7 water elementals
  15 wyverns
  18 humans
  2 fire elementals
  A ynoxinul (D:13)
  A basilisk (shapeshifter) (Vaults:5)
  An ushabti (Crypt:3)
  Grum (D:8)
  4 basilisks
  A black mamba skeleton (Crypt:2)
  8 small abominations (Depths:3)
  2 hogs (D:14)
  A steam dragon (D:9)
  A redback (shapeshifter) (Vaults:5)
  3 chaos spawn
  A naga zombie (Crypt:1)
  4 redbacks
  2 human simulacra
  A water nymph zombie (Crypt:3)
  17 vampire mosquitoes
  50 nagas
  2 wargs (D:14)
  3 acid dragons
  20 swamp worms
  A two-headed ogre zombie (Crypt:3)
  2 floating eyes
  21 water moccasins
  A swamp drake (Swamp:3)
  A demonspawn skeleton (Crypt:1)
  4 swamp dragon zombies (Swamp:4)
  A two-headed ogre skeleton (Crypt:2)
  38 orc warriors
  7 ice beasts
  5 black bears
  30 wolves
  8 ogres
  15 centaurs
  A snapping turtle skeleton (Crypt:3)
  A lemure (D:8)
  6 phantoms
  A draconian zombie (Crypt:2)
  2 elf zombies (Ossuary)
  3 scorpions
  22 bullfrogs
  A bullfrog (shapeshifter) (D:14)
  A glowing shapeshifter simulacrum (Vaults:4)
  A kobold brigand (D:9)
  A gnoll sergeant (D:6)
  2 human skeletons
  4 necrophages
  10 earth elementals
  An elf skeleton (Crypt:1)
  A naga simulacrum (Crypt:3)
  8 wights
  4 killer bees (D:9)
  2 spriggan skeletons
  A troll skeleton (Crypt:2)
  4 electric eels
  A howler monkey (D:6)
  A crimson imp (D:15)
  3 human zombies
  3 hounds
  5 centaur zombies
  A gnoll bouda (D:9)
  A basilisk zombie (Crypt:1)
  27 orc priests
  7 jellies
  Ijyb (D:5)
  A black bear skeleton (Crypt:3)
  Jessica (D:3)
  Terence (D:2)
  3 iguanas
  A sleepcap (D:6)
  Natasha (thrice) (D:3)
  8 orc wizards
  2 spectral swamp drakes (Swamp:4)
  An ogre zombie (Crypt:3)
  An ogre skeleton (Crypt:1)
  8 mummies
  Robin (D:3)
  2 howler monkey zombies
  7 gnolls (D:6)
  7 adders
  A howler monkey skeleton (Crypt:2)
  3 river rats (Sewer)
  A shadow imp (D:7)
  A white imp (D:6)
  An ufetubus (D:6)
  An adder zombie (Ossuary)
  4 worms
  4 dart slugs
  58 orcs
  5 ball pythons
  7 bats
  19 endoplasms
  7 giant cockroaches
  17 goblins
  13 hobgoblins
  6 quokkas
  7 frilled lizards
  2 goblin zombies (Ossuary)
  8 hobgoblin zombies (Ossuary)
  A jackal zombie (Ossuary)
  13 kobolds
  7 kobold zombies (Ossuary)
  11 orc zombies (Ossuary)
  6 rats
  A starspawn tentacle (Abyss:3)
2254 creatures vanquished.

Vanquished Creatures (collateral kills)
  A quicksilver dragon (Zot:1)
  A walking earthen tome (Depths:3)
  A sphinx (Vaults:2)
  A nagaraja (Snake:4)
  A deep elf sorcerer (Elf:3)
  2 ironbound preservers
  A draconian annihilator (Zot:4)
  A vampire knight (Crypt:3)
  A deep elf demonologist (Elf:3)
  A deep elf annihilator (Elf:3)
  A spark wasp (Depths:3)
  A great orb of eyes (Vaults:3)
  A hydra (Swamp:4)
  A yaktaur captain (Vaults:2)
  A vault guard (Vaults:4)
  An anaconda (Snake:4)
  A naga warrior (Snake:3)
  A naga sharpshooter (Snake:3)
  A soul eater (Orc:2)
  A skeletal warrior (Crypt:3)
  A salamander mystic (Snake:3)
  A spriggan druid (Swamp:4)
  5 deep trolls
  A swamp dragon (Swamp:4)
  A wizard (Vaults:4)
  A phantasmal warrior (Vaults:2)
  A naga ritualist (Snake:4)
  A necromancer (Crypt:1)
  An ugly thing (Vaults:4)
  A black mamba (Snake:3)
  3 guardian serpents (Snake:4)
  A tyrant leech (Swamp:4)
  A spectral swamp dragon (Swamp:4)
  A slime creature (Vaults:3)
  6 nagas
  An orc warrior (Orc:2)
  An orc (D:14)
  A hobgoblin skeleton (Crypt:3)
50 creatures vanquished.

Vanquished Creatures (others)
  A death cob (Zot:4)
  A storm dragon (Zot:5)
  A draconian knight (Zot:3)
  A frost giant (Vaults:5)
  2 draconian scorchers
  A draconian shifter (Zot:3)
  An iron dragon (Vaults:5)
  A deep elf sorcerer (Elf:3)
  A deep elf elementalist (Elf:3)
  A draconian annihilator (Zot:4)
  A deep elf annihilator (Elf:3)
  A black draconian (Zot:4)
  A red draconian (Zot:3)
  A purple draconian (Zot:3)
  2 ettins (Depths:3)
  A deep elf death mage (Elf:3)
  2 vault guards (Vaults:5)
  An anaconda (Snake:2)
  A two-headed ogre (D:11)
  3 deep troll earth magi
  A deep troll (Depths:1)
  A swamp dragon (Swamp:3)
  An ugly thing (Depths:1)
  A naga mage (Snake:4)
  A vault sentinel (Vaults:3)
  A yaktaur (D:15)
  8 bloated husks
  A slime creature (Vaults:3)
  A spectral swamp dragon (Swamp:4)
  A yak (Lair:2)
  A redback (shapeshifter) (Depths:3)
  A swamp worm (Swamp:3)
  2 phantoms (Swamp:4)
  A spectral swamp drake (Swamp:4)
  A bush (Lair:1)
  11 fungi
  50 plants
  5 starspawn tentacles (Abyss:3)
114 creatures vanquished.

Grand Total: 2418 creatures vanquished

Notes
Turn   | Place    | Note
-------+----------+-------------------------------------------
     0 | D:1      | freelancePsychic the Spriggan Wanderer began the quest for
                  | the Orb.
     0 | D:1      | freelancePsychic set off with the following items: a +2
                  | spear, a +0 falchion, 7 boomerangs, a +0 dagger, a scroll
                  | of teleportation {@r4}, a +0 robe.
     0 | D:1      | Reached XP level 1. HP: 10/10 MP: 2/2
   189 | D:1      | Reached XP level 2. HP: 15/15 MP: 3/3
   414 | D:1      | Reached skill level 1 in Short Blades
   635 | D:1      | Reached XP level 3. HP: 18/18 MP: 4/4
   749 | D:1      | Found a faded altar of an unknown god.
   788 | D:1      | Prayed at the altar of an unknown god.
   788 | D:1      | Became a worshipper of the Wu Jian Council
   788 | D:1      | Reached * piety under Wu Jian
  1130 | D:2      | Reached skill level 1 in Dodging
  1174 | D:2      | Noticed Terence
  1190 | D:2      | Killed Terence
  1191 | D:2      | Reached XP level 4. HP: 15/23 MP: 5/5
  1779 | D:3      | Noticed Natasha
  1783 | D:3      | Killed Natasha
  1814 | D:3      | Noticed Jessica
  1831 | D:3      | Reached skill level 2 in Dodging
  1874 | D:3      | Killed Jessica
  1875 | D:3      | Reached skill level 5 in Stealth
  1875 | D:3      | Reached XP level 5. HP: 23/27 MP: 2/6
  1923 | D:3      | Noticed Natasha
  1935 | D:3      | Killed Natasha
  1935 | D:3      | Reached ** piety under Wu Jian
  2089 | D:3      | Noticed Natasha
  2099 | D:3      | Killed Natasha
  2274 | D:3      | Noticed Robin
  2290 | D:3      | Killed Robin
  2480 | D:4      | Identified a scroll of acquirement
  2480 | D:4      | Acquired the +1 acid dragon scales "Vug Gar" {rElec rCorr
                  | Dex+5}
  2559 | D:4      | Reached skill level 3 in Dodging
  2591 | D:4      | Noticed Grinder
  2657 | D:4      | Found a glowing drain.
  2668 | Sewer    | Entered a sewer
  2691 | Sewer    | Reached XP level 6. HP: 30/32 MP: 7/7
  3017 | Sewer    | Found a viscous altar of Jiyva.
  3147 | Sewer    | Reached *** piety under Wu Jian
  3240 | D:4      | Found an opulent altar of Gozag.
  3315 | D:4      | Found a runed translucent door.
  3316 | D:4      | Noticed Crazy Yiuf
  3460 | D:4      | Reached skill level 4 in Dodging
  3460 | D:4      | Reached XP level 7. HP: 36/36 MP: 8/8
  3924 | D:5      | Entered Level 5 of the Dungeon
  3995 | D:5      | Noticed Edmund
  4242 | D:5      | Reached skill level 5 in Dodging
  4427 | D:5      | Noticed Ijyb
  4429 | D:5      | Killed Ijyb
  4484 | D:5      | Reached XP level 8. HP: 42/42 MP: 9/9
  4654 | D:5      | Reached skill level 5 in Short Blades
  4719 | D:5      | Reached skill level 6 in Dodging
  4807 | D:5      | Found a staircase to the Ecumenical Temple.
  5049 | D:6      | Found an ornate altar of the Wu Jian Council.
  5050 | D:6      | Found a white marble altar of Elyvilon.
  5050 | D:6      | Found an ancient bone altar of Kikubaaqudgha.
  5452 | D:6      | Reached skill level 7 in Dodging
  5505 | D:6      | Reached skill level 5 in Fighting
  6158 | D:6      | Found a hazy altar of Hepliaklqana.
  6359 | D:7      | Reached XP level 9. HP: 47/47 MP: 10/10
  6486 | D:7      | Reached skill level 8 in Dodging
  6579 | D:7      | You fall into a shaft and drop 3 floors!
  6579 | D:10     | Entered Level 10 of the Dungeon
  6640 | D:10     | Noticed a gargoyle
  6687 | D:10     | Found a radiant altar of Vehumet.
  6759 | D:8      | Noticed Pikel
  6761 | D:8      | Found a flagged portal.
  6763 | D:8      | Gained mutation: You are partially covered in iridescent
                  | scales. (AC +2) [potion of mutation]
  6763 | D:8      | Gained mutation: You are frail. (-10% HP) [potion of
                  | mutation]
  6764 | D:8      | Lost mutation: You are frail. (-10% HP) [potion of
                  | mutation]
  6764 | D:8      | Lost mutation: You are partially covered in iridescent
                  | scales. (AC +2) [potion of mutation]
  6764 | D:8      | Gained mutation: You occasionally lose the ability to read
                  | scrolls when taking damage. [potion of mutation]
  6764 | D:8      | Gained mutation: You are somewhat resistant to further
                  | mutation. [potion of mutation]
  6792 | D:8      | Killed Pikel
  6793 | D:8      | Reached skill level 9 in Dodging
  6816 | Bailey   | Entered a bailey
  6846 | Bailey   | Reached **** piety under Wu Jian
  6894 | Bailey   | Reached XP level 10. HP: 46/53 MP: 11/11
  6911 | Bailey   | Reached skill level 10 in Stealth
  6914 | Bailey   | Noticed Prince Ribbit
  6915 | Bailey   | Noticed a vault guard
  6931 | Bailey   | Killed Prince Ribbit
  6932 | Bailey   | Reached skill level 10 in Dodging
  7002 | D:8      | Acquired a +2 rapier of draining
  7019 | D:8      | Noticed Grum
  7049 | D:8      | Noticed a cyclops
  7264 | D:7      | Found a stormy altar of Qazlal.
  7295 | D:7      | Found a sand-covered staircase.
  7304 | Ossuary  | Entered an ossuary
  7461 | Ossuary  | Reached ***** piety under Wu Jian
  7756 | D:7      | Found a shimmering blue altar of Sif Muna.
  8076 | D:8      | Found a runed translucent gate.
  8077 | D:8      | Found a runed translucent gate.
  8078 | D:8      | Found a runed translucent gate.
  8105 | D:8      | Noticed LobsterGuardian's ghost (novice FeEn)
  8106 | D:8      | Identified the +8 chain mail "Vakew" {-Tele rC++ rN+
                  | Stlth+}
  8148 | D:8      | Found a broken altar of Ashenzari.
  8316 | D:8      | Killed a cyclops
  8347 | D:8      | Noticed a cyclops
  8358 | D:8      | Killed a cyclops
  8359 | D:8      | Reached skill level 10 in Short Blades
  8359 | D:8      | Reached skill level 11 in Dodging
  8363 | D:8      | Killed Grum
  8449 | D:8      | Identified the +8 whip of Duss {holy, rF+ rC+}
  8668 | D:8      | Killed LobsterGuardian's ghost
  8843 | D:9      | Reached XP level 11. HP: 58/58 MP: 12/12
  8867 | D:9      | Noticed Joseph
  8885 | D:9      | Killed Joseph
  9150 | D:9      | Lost mutation: You are somewhat resistant to further
                  | mutation. [potion of mutation]
  9150 | D:9      | Lost mutation: You occasionally lose the ability to read
                  | scrolls when taking damage. [potion of mutation]
  9150 | D:9      | Gained mutation: You have large cloven feet. [potion of
                  | mutation]
  9175 | D:9      | Noticed Maurice
  9186 | D:9      | Killed Maurice
  9295 | D:9      | Noticed Harold
  9299 | D:9      | Killed Harold
  9300 | D:9      | Reached skill level 12 in Dodging
  9446 | D:9      | Found Woulepp's Demolitions Depot.
  9677 | D:9      | Found a burning altar of Makhleb.
  9716 | D:9      | Noticed a seven-headed hydra
  9748 | D:10     | Noticed a two-headed ogre
  9749 | D:10     | Killed a two-headed ogre
  9750 | D:10     | Reached skill level 5 in Evocations
  9863 | D:10     | Identified the +5 broad axe of Fortitude {elec, rF+ rC+
                  | Will+ MP+9}
 10109 | D:10     | Found a staircase to the Lair.
 10158 | D:10     | Found a glowing golden altar of the Shining One.
 10173 | D:10     | Reached XP level 12. HP: 65/65 MP: 13/13
 10235 | D:10     | Found a glowing silver altar of Zin.
 10652 | D:11     | Noticed a two-headed ogre
 10655 | D:11     | Killed a two-headed ogre
 10676 | D:11     | Noticed a centaur warrior
 10685 | D:11     | Killed a centaur warrior
 10856 | D:11     | Found a transporter.
 10857 | D:11     | Noticed Sobieck's ghost (journeyman KoEE)
 10932 | D:11     | Found an ornate altar of the Wu Jian Council.
 10970 | D:11     | Noticed an ogre mage
 10970 | D:11     | Noticed a two-headed ogre
 10970 | D:11     | Noticed a two-headed ogre
 10970 | D:11     | Noticed a two-headed ogre
 10976 | D:11     | Killed a two-headed ogre
 10979 | D:11     | Killed a two-headed ogre
 10983 | D:11     | Killed a two-headed ogre
 10984 | D:11     | Killed an ogre mage
 11150 | D:11     | Found a transporter.
 11364 | Lair:1   | Entered Level 1 of the Lair of Beasts
 11382 | Lair:1   | Reached skill level 10 in Fighting
 11480 | Lair:1   | Noticed a death yak
 11480 | Lair:1   | Noticed a death yak
 11480 | Lair:1   | Noticed a death yak
 11481 | Lair:1   | Noticed a death yak
 11481 | Lair:1   | Noticed a death yak
 11481 | Lair:1   | Noticed a death yak
 11481 | Lair:1   | Noticed a death yak
 11482 | Lair:1   | Noticed a death yak
 11519 | Lair:1   | Killed a death yak
 11520 | Lair:1   | Killed a death yak
 11524 | Lair:1   | Killed a death yak
 11531 | Lair:1   | Killed a death yak
 11562 | Lair:1   | Killed a death yak
 11569 | Lair:1   | Killed a death yak
 11570 | Lair:1   | Reached skill level 13 in Dodging
 11571 | Lair:1   | Killed a death yak
 11577 | Lair:1   | Killed a death yak
 11578 | Lair:1   | Reached XP level 13. HP: 71/72 MP: 14/14
 11606 | Lair:1   | Acquired 946 gold pieces
 11780 | D:9      | Bought a manual of Evocations for 1040 gold pieces
 11780 | D:9      | Bought a lightning rod (4/4) for 390 gold pieces
 11918 | Lair:1   | Identified the staff of earth "Kuni" {rF- rN+ SInv}
 12111 | Lair:1   | Reached ****** piety under Wu Jian
 12814 | Lair:2   | Found a staircase to the Snake Pit.
 12838 | Lair:2   | Acquired a manual of Fighting
 12865 | Lair:2   | Reached skill level 14 in Dodging
 12993 | Lair:2   | Identified the +3 war axe of Skirmishing {drain, rPois
                  | SInv}
 13321 | Lair:2   | Noticed Fannar
 13329 | Lair:2   | Killed Fannar
 13402 | Lair:2   | Reached skill level 10 in Evocations
 13623 | Lair:3   | Found an ancient bone altar of Kikubaaqudgha.
 13643 | Lair:3   | Identified the +4 long sword of Guroxoe {protect, SInv}
 13815 | Lair:3   | Found a staircase to the Swamp.
 14224 | Lair:4   | Reached skill level 15 in Dodging
 14259 | Lair:4   | Identified the staff of cold "Hezuez" {rF+ rC+ MP+9 Int-5}
 14322 | Lair:4   | Reached XP level 14. HP: 70/81 MP: 15/15
 14958 | Lair:5   | Entered Level 5 of the Lair of Beasts
 14991 | Lair:5   | Found a viscous altar of Jiyva.
 14991 | Lair:5   | Found a staircase to the Slime Pits.
 15021 | Lair:5   | Identified the +2 spear "Agoem" {flame, *Corrode rPois
                  | rN+++ Stlth+}
 15177 | Lair:5   | Reached skill level 16 in Dodging
 15592 | Lair:5   | Reached skill level 15 in Fighting
 15645 | Lair:5   | Reached skill level 1 in Armour
 16358 | D:12     | Found a staircase to the Orcish Mines.
 16437 | D:12     | Found Fout's Book Emporium.
 16456 | D:12     | Bought the Unrestrained Analects for 460 gold pieces
 16461 | D:12     | Found Viunill's Magic Scroll Shop.
 16470 | D:12     | Bought a scroll of blinking for 127 gold pieces
 16470 | D:12     | Bought a scroll of enchant weapon for 127 gold pieces
 16537 | D:12     | Found Henkom's Antique Armour Emporium.
 16568 | D:12     | Bought an embroidered cloak for 195 gold pieces
 16810 | D:12     | Acquired 1214 gold pieces
 16901 | Orc:1    | Entered Level 1 of the Orcish Mines
 17342 | Orc:2    | Entered Level 2 of the Orcish Mines
 17475 | Orc:2    | Found Wamomp's General Store.
 17476 | Orc:2    | Found Udaxt's Magic Scroll Shop.
 17485 | Orc:2    | Reached skill level 5 in Armour
 17497 | Orc:2    | Reached XP level 15. HP: 90/90 MP: 16/16
 17558 | Orc:2    | Bought a scroll of acquirement for 728 gold pieces
 17558 | Orc:2    | Bought a scroll of blinking for 105 gold pieces
 17558 | Orc:2    | Acquired a manual of Air Magic
 17582 | Orc:2    | Reached skill level 17 in Dodging
 17606 | Orc:2    | Found a staircase to the Elven Halls.
 18118 | Orc:2    | Found Eruah's Antique Armour Emporium.
 18118 | Orc:2    | Found Vulom's Book Shoppe.
 18125 | Orc:2    | Found a one-way gate leading to the halls of Pandemonium.
 18590 | D:13     | Reached skill level 1 in Air Magic
 18604 | D:13     | Reached skill level 18 in Dodging
 18642 | D:13     | Found a hide-covered altar of Uskayaw.
 18921 | D:14     | Noticed Rupert
 18921 | D:14     | Noticed Urug
 18921 | D:14     | Found a gate to the Vaults.
 18961 | D:14     | Killed Urug
 18962 | D:14     | Reached skill level 5 in Air Magic
 18988 | D:14     | Killed Rupert
 19038 | D:14     | Noticed Kirke
 19052 | D:14     | Killed Kirke
 19095 | D:14     | Reached skill level 1 in Shields
 19508 | D:15     | Entered Level 15 of the Dungeon
 19636 | D:15     | Reached XP level 16. HP: 95/95 MP: 17/17
 19717 | D:15     | Found a staircase to the Depths.
 20037 | D:15     | Reached skill level 10 in Air Magic
 20499 | D:11     | Learned a level 8 spell: Maxwell's Capacitive Coupling
 20879 | Swamp:1  | Entered Level 1 of the Swamp
 21466 | Swamp:2  | Reached skill level 5 in Shields
 21662 | Swamp:2  | Noticed Roxanne
 21691 | Swamp:2  | Noticed Aizul
 21710 | Swamp:2  | Killed Aizul
 22453 | Swamp:3  | Noticed a thorn hunter
 22472 | Swamp:3  | Killed a thorn hunter
 23043 | Swamp:4  | Entered Level 4 of the Swamp
 23106 | Swamp:4  | Identified the +3 ring mail "Peinabaa" {Will+ Str+2 Int-3
                  | Dex+4}
 23340 | Swamp:4  | Reached XP level 17. HP: 49/99 MP: 18/18
 23813 | Snake:1  | Entered Level 1 of the Snake Pit
 23891 | Snake:1  | You fall into a shaft and drop 1 floor!
 24021 | Snake:2  | Noticed Frances
 24073 | Snake:2  | Killed Frances
 24391 | Snake:2  | Reached skill level 15 in Evocations
 25729 | Snake:4  | Entered Level 4 of the Snake Pit
 25908 | Snake:4  | Reached XP level 18. HP: 65/104 MP: 19/19
 26322 | Snake:4  | Reached skill level 15 in Stealth
 27003 | Snake:4  | Got a serpentine rune of Zot
 27288 | Snake:1  | Found Elybrusch's Antique Weapon Emporium.
 27288 | Snake:1  | Found Figufuitt's Assorted Antiques.
 27291 | Snake:1  | Found Vitunesk's Magic Scroll Emporium.
 27310 | Snake:1  | Bought a potion of might for 100 gold pieces
 27310 | Snake:1  | Bought a golden potion for 22 gold pieces
 27315 | Snake:1  | Bought a scroll of fear for 48 gold pieces
 27315 | Snake:1  | Bought a scroll of teleportation for 36 gold pieces
 27315 | Snake:1  | Bought a scroll of blinking for 90 gold pieces
 27315 | Snake:1  | Bought a scroll of silence for 114 gold pieces
 28225 | Swamp:4  | Noticed a bone dragon
 28247 | Swamp:4  | Killed a bone dragon
 28609 | Elf:1    | Entered Level 1 of the Elven Halls
 28624 | Elf:1    | Reached skill level 15 in Air Magic
 28775 | Elf:1    | Found Sitof's Weapon Shop.
 28795 | Elf:1    | Found Suigurr's Antique Weapon Boutique.
 28913 | Elf:1    | Noticed Agnes
 28920 | Elf:1    | Killed Agnes
 29155 | Elf:1    | Found a runed translucent door.
 29161 | Elf:1    | Reached XP level 19. HP: 111/111 MP: 20/20
 29250 | Elf:1    | Noticed Jorgrun
 29255 | Elf:1    | Killed Jorgrun
 29945 | Elf:2    | Found a runed translucent gate.
 29945 | Elf:2    | Found a runed translucent gate.
 29946 | Elf:2    | Found a runed translucent gate.
 30073 | Elf:3    | Entered Level 3 of the Elven Halls
 30141 | Elf:3    | Found Quur's Magic Scroll Boutique.
 30144 | Elf:3    | Bought a scroll of blinking for 157 gold pieces
 30499 | Elf:3    | Reached skill level 19 in Dodging
 30788 | Elf:3    | Got the Folio of Chthonic Unhallowed Words
 30862 | Elf:3    | Identified the +1 shortbow of Xyexif {freeze, rC+}
 30866 | Elf:3    | Got the Codex of Striking and Geomancy
 30920 | Elf:3    | Got Rafanat's Exposition on the Wyrd
 30983 | Elf:3    | Identified the staff of conjuration "Erau" {rN+ Str+3}
 30984 | Elf:3    | Identified the ring of Yendor {+Blink EV+5 Int+3 Dex+4}
 31128 | Elf:3    | Noticed Zenata
 31131 | Elf:3    | Killed Zenata
 31627 | Vaults:1 | Entered Level 1 of the Vaults
 31875 | Vaults:1 | Noticed Saint Roka
 31889 | Vaults:1 | Killed Saint Roka
 31960 | Vaults:1 | Noticed Asterion
 31969 | Vaults:1 | Killed Asterion
 32046 | Vaults:1 | Reached skill level 20 in Dodging
 32144 | Vaults:1 | Identified the +1 great mace of Truth {elec, rPois Will+}
 32448 | Vaults:1 | Reached XP level 20. HP: 117/117 MP: 21/21
 33538 | Vaults:2 | Identified the +11 long sword "Haitue" {heavy, rF+ Int+3}
 33861 | Vaults:2 | Found Cyraot's Armour Emporium.
 33869 | Vaults:2 | Bought a scarf of invisibility for 168 gold pieces
 34285 | Vaults:2 | Reached skill level 21 in Dodging
 34690 | Vaults:3 | Found Gaifitt's Jewellery Shop.
 35532 | Vaults:3 | Found a staircase to the Crypt.
 36128 | Vaults:4 | Reached skill level 1 in Spellcasting
 36325 | Vaults:4 | Reached XP level 21. HP: 89/124 MP: 26/26
 36829 | Vaults:4 | Reached skill level 5 in Spellcasting
 37302 | Crypt:1  | Entered Level 1 of the Crypt
 37577 | Crypt:1  | Learned a level 3 spell: Vhi's Electric Charge
 39353 | Crypt:3  | Entered Level 3 of the Crypt
 39570 | Crypt:3  | Noticed Vv
 39575 | Crypt:3  | Killed Vv
 39705 | Crypt:3  | Reached XP level 22. HP: 131/131 MP: 36/36
 40041 | Crypt:3  | Reached skill level 10 in Spellcasting
 40265 | Crypt:3  | Found an ancient bone altar of Kikubaaqudgha.
 40265 | Crypt:3  | Found a basalt altar of Yredelemnul.
 40350 | Crypt:3  | Found the +7 great mace "Undeadhunter" {deathbane, rN+}
 40623 | Crypt:3  | Found a staircase to the Tomb.
 41022 | Depths:1 | Entered Level 1 of the Depths
 41263 | Depths:1 | Found a gateway to Hell.
 41687 | Depths:1 | Found a one-way gateway to a ziggurat.
 41937 | Depths:1 | Found a blossoming altar of Fedhas.
 42577 | Depths:2 | You fall into a shaft and drop 1 floor!
 42737 | Depths:3 | Identified the +7 long sword "Zun Sisy" {spect, rPois rN+++
                  | Dex-2 Stlth-}
 43316 | Depths:3 | Reached XP level 23. HP: 80/137 MP: 38/38
 43453 | Depths:3 | Found a flickering gateway to a bazaar.
 43457 | Bazaar   | Entered a bazaar
 43501 | Bazaar   | Found Jippem's Book Boutique.
 43575 | Bazaar   | Found Onuwn's Distillery.
 43580 | Bazaar   | Bought a potion of heal wounds for 60 gold pieces
 43580 | Bazaar   | Bought a potion of curing for 36 gold pieces
 43580 | Bazaar   | Bought a potion of heal wounds for 60 gold pieces
 43580 | Bazaar   | Bought a potion of heal wounds for 60 gold pieces
 43580 | Bazaar   | Bought a potion of curing for 36 gold pieces
 43580 | Bazaar   | Bought a potion of brilliance for 48 gold pieces
 43580 | Bazaar   | Bought a potion of ambrosia for 96 gold pieces
 43580 | Bazaar   | Bought a potion of ambrosia for 96 gold pieces
 43602 | Bazaar   | Found Muih's Distillery.
 43607 | Bazaar   | Bought a potion of curing for 36 gold pieces
 43607 | Bazaar   | Bought a potion of heal wounds for 60 gold pieces
 43607 | Bazaar   | Bought a potion of invisibility for 96 gold pieces
 43607 | Bazaar   | Bought a potion of curing for 36 gold pieces
 43607 | Bazaar   | Bought a potion of resistance for 120 gold pieces
 43607 | Bazaar   | Bought a potion of haste for 120 gold pieces
 43641 | Bazaar   | Found Uvvopnel's Antique Armour Emporium.
 43677 | Bazaar   | Found Kexkyl Zee's General Store.
 43965 | Depths:3 | Found a glowing golden altar of the Shining One.
 45119 | Depths:3 | Paralysed by a floating eye for 3 turns
 45366 | Depths:3 | Found a one-way gate to the infinite horrors of the Abyss.
 46148 | Depths:4 | Entered Level 4 of the Depths
 46580 | Depths:4 | Found Qeograab's Book Boutique.
 47543 | Depths:4 | Reached skill level 10 in Shields
 48529 | Depths:4 | Found a gate to the Realm of Zot.
 48606 | Depths:4 | Identified the staff of poison "Soluasib" {rPois rC+ MP+9}
 48851 | Depths:4 | Voluntarily entered the Abyss.
 48976 | Abyss:3  | Found a corrupted altar of Lugonu.
 49114 | Abyss:3  | Reached XP level 24. HP: 137/142 MP: 42/42
 49162 | Abyss:3  | Reached skill level 15 in Spellcasting
 49199 | Abyss:3  | Got an abyssal rune of Zot
 49320 | Depths:4 | Escaped the Abyss
 49514 | D:9      | Bought a manual of Evocations for 1040 gold pieces
 49759 | Vaults:5 | Entered Level 5 of the Vaults
 49825 | Vaults:5 | Reached skill level 22 in Dodging
 49832 | Vaults:5 | Noticed Frederick
 49837 | Vaults:5 | Killed Frederick
 49901 | Vaults:5 | Noticed Bai Suzhen
 50309 | Vaults:5 | Got a silver rune of Zot
 50322 | Vaults:5 | Reached skill level 23 in Dodging
 50592 | Vaults:5 | Identified the ring of Gaerily {EV+5 Int+6}
 50757 | Vaults:5 | Identified the ring "Qeydy" {rF+++ rC- Will+++ rCorr Dex-5}
 50813 | Vaults:5 | Identified the staff of death "Mudoz" {Drain rPois rC++ rN+
                  | Int+3}
 50830 | Vaults:5 | Got the Papyrus of the Excursion and Spellbinding
 50840 | Vaults:5 | Identified the +4 war axe "Noakh" {freeze, rF+ Str+4}
 50996 | Vaults:5 | Killed Bai Suzhen
 51839 | Swamp:4  | Got a decaying rune of Zot
 52218 | Zot:1    | Entered Level 1 of the Realm of Zot
 52320 | Zot:1    | Reached skill level 10 in Armour
 52447 | Zot:1    | Reached skill level 24 in Dodging
 52754 | Zot:1    | Identified the +9 flail of the Eggplant {heavy, Str+3}
 53864 | Zot:1    | Noticed a Killer Klown
 53868 | Zot:1    | Killed a Killer Klown
 53873 | Zot:1    | Noticed an orb of fire
 53904 | Zot:1    | Killed an orb of fire
 53905 | Zot:1    | Reached XP level 25. HP: 73/147 MP: 13/43
 54547 | Zot:2    | Reached skill level 25 in Dodging
 55882 | Zot:3    | Found the +4 dragonskin cloak
 55882 | Zot:3    | Noticed Tiamat
 56104 | Zot:2    | Killed Tiamat
 56259 | Zot:3    | Reached skill level 26 in Dodging
 56902 | Zot:3    | You fall into a shaft and drop 1 floor!
 56918 | Zot:3    | Noticed an orb of fire
 56927 | Zot:3    | Killed an orb of fire
 56928 | Zot:3    | Reached skill level 27 in Dodging
 57117 | Zot:3    | Identified the +11 dagger "Fotouhur" {antimagic, Will+}
 57864 | Zot:5    | Entered Level 5 of the Realm of Zot
 58857 | Zot:5    | Noticed an orb of fire
 58863 | Zot:5    | Killed an orb of fire
 59474 | Zot:4    | Reached XP level 26. HP: 152/152 MP: 36/43
 61006 | Zot:4    | Noticed an orb of fire
 61014 | Zot:4    | Killed an orb of fire
 61256 | Zot:5    | Noticed an orb of fire
 61259 | Zot:5    | Gained mutation: You are dopey. (Int -2) [an orb of fire]
 61263 | Zot:5    | Gained mutation: You are clumsy. (Dex -2) [an orb of fire]
 61267 | Zot:5    | Killed an orb of fire
 61444 | Zot:5    | Noticed an orb of fire
 61449 | Zot:5    | Gained mutation: Your body sometimes deteriorates upon
                  | taking damage. [an orb of fire]
 61451 | Zot:5    | Killed an orb of fire
 61520 | Zot:5    | Noticed an ancient lich
 61527 | Zot:5    | Killed an ancient lich
 61709 | Zot:5    | Upgraded the game from 0.30-a0-1008-g30c9307041 to
                  | 0.30-a0-1016-gfb0d676c02
 61719 | Zot:5    | Noticed a dread lich
 61779 | Zot:5    | Noticed a dread lich
 61780 | Zot:5    | Killed a dread lich
 61793 | Zot:5    | Killed a dread lich
 62197 | Zot:5    | Got the Orb of Zot
 62305 | Zot:2    | Noticed Evi Zetu the pandemonium lord
 62774 | D:$      | Escaped with the Orb!

Illustrated notes

Levels and vault maps discovered:
D:1:      eino_arrival_water_cross, layout_basic,
          shapermc_ecumenical_altar_ellora, hex_intersection,
          minmay_misc_feat_columns, minmay_heptomino_w4
D:2:      layout_rooms, uniq_terence
D:3:      layout_basic, kennysheep_nub, uniq_jessica, uniq_robin, uniq_natasha
D:4:      black_bear_nest_1, layout_loops_cross, amcnicky_altar_gilded,
          portal_sewer_entry_a, chequers_avenue, uniq_grinder,
          uniq_crazy_yiuf_cottage
D:5:      layout_loops_ring, minmay_temple_entry_glassed_door,
          minmay_misc_feat_four_crosses, grunt_decor_junction, uniq_edmund,
          uniq_ijyb
D:6:      layout_basic, mainiacjoe_overflow_alcove_4, grunt_temple_overflow_open
D:7:      layout_rooms, nicolae_overflow_crystal_walls, tgw_sif,
          nicolae_ossuary_entry_monument, minmay_misc_feat_doors
D:8:      layout_basic, ashenzari_conservatory_becter,
          ebering_ghost_rock_garden, enter_bailey_5, serial_bayou_lagoon_a,
          minmay_misc_feat_room, minmay_diamond_spiral, uniq_pikel, uniq_grum
D:9:      minmay_cornered_nines, layout_basic, bloody_makhleb,
          nicolae_blasting_shop, minmay_pinched_square, uniq_maurice,
          uniq_joseph, uniq_harold
D:10:     layout_basic, mainiacjoe_overflow_brackets, lemuel_tele_altar,
          kennysheep_little_box, hellmonk_lair_entry_icy
D:11:     layout_roguey, gammafunk_ghost_berserking_beasts,
          nicolae_wu_jian_immortal_techniques
D:12:     layout_cave_pools, orc_david_3, serial_shops, shop,
          nicolae_shop_advertising_works [nicolae_subvault_shop_adworks],
          nicolae_shop_hallway_plus
D:13:     layout_rooms, serial_demonic, serial_demonic_e, serial_demonic_d,
          serial_demonic_g, serial_demonic_f, serial_demonic_g,
          dancing_weapons_uskayaw
D:14:     layout_roguey, david_vaults_3, nrook_guardian_serpent_ordinary,
          uniq_kirke
D:15:     hangedman_depths_entry_civil_slaughter, layout_basic,
          grunt_decor_mini_mirrors, lightli_wizard_tower
Lair:1:   layout_roguey, nicolae_lair_grazing_beasts
          [nicolae_sub_lair_graze_edge, nicolae_sub_lair_graze_edge,
          nicolae_sub_lair_graze_edge, nicolae_sub_lair_graze_edge],
          infiniplex_staircase_pool, lemuel_fruit_tree, grunt_megastairs_2
Lair:2:   layout_cellular_growth, minmay_snake_entry_spellcaster,
          grunt_megastairs_4, serial_bayou_shore_b, uniq_fannar
Lair:3:   layout_roguey, swamp_mist, basic_altar
Lair:4:   layout_small_grid, lemuel_fruit_fields
Lair:5:   hangedman_lair_tendril_chambers, layout_loops_ring,
          minmay_slime_entry_eyes
Swamp:1:  layout_basic_swamp, nicolae_swamp_ascending_descending, swamp_pool4,
          infiniplex_staircase_pool_2
Swamp:2:  layout_basic_swamp, nicolae_swamp_big_swirl, swamp_pool5,
          grunt_witch_cave, uniq_aizul, uniq_roxanne
Swamp:3:  layout_basic_swamp, evilmike_swamp_ruin_house_4, swamp_pool1,
          nicolae_swamp_no_escape
Swamp:4:  swamp_pestilence, layout_basic_swamp
Snake:1:  layout_misc_corridors, minmay_shop_star
Snake:2:  layout_misc_corridors, uniq_frances
Snake:3:  layout_concentric_octagons, nicolae_snake_guarding_the_ruins
Snake:4:  grunt_snake_rune_pools, layout_onion, grunt_megastairs_3
Orc:1:    layout_caves
Orc:2:    pf_orc_diabolical, layout_diamond_mine, basic_altar
Elf:1:    eino_elf_arrival_customs, layout_loops_ring, hangedman_elf_represent,
          minivault_13, minmay_shoptagon, uniq_jorgrun, uniq_agnes
Elf:2:    elven_hall_of_blades_hangedman_original
          [nicolae_blade_entry_sentries_behind_glass], layout_geoelf_diagonals,
          serial_sigils_hangedman_quiver, minivault_4
Elf:3:    nooodl_elf_gasket, layout_onion_city, serial_shops,
          nicolae_shop_behind_doors, uniq_zenata
Vaults:1: v_misc_10, nicolae_vaults_big_angled_halls, vaults_room_hallway,
          nicolae_vaults_theta, vaults_dpeg_doors, v_misc_22, v_alt_pattern_4,
          vaults_mumra_hexcomb, v_misc_25, nicolae_vaults_network_quinsquares
          [nicolae_vaults_network_quincunx_subvault,
          nicolae_vaults_network_quincunx_subvault,
          nicolae_vaults_network_quincunx_subvault,
          nicolae_vaults_network_quincunx_subvault], v_misc_24,
          nicolae_vaults_mini_display_case, ontoclasm_vaults_decontamination,
          layout_vaults_omnicross, uniq_asterion, uniq_saint_roka
Vaults:2: nicolae_vaults_network_barrier, ontoclasm_vaults_eye, v_misc_13,
          vaults_mumra_bighexcomb, nicolae_vaults_little_squares_2,
          ontoclasm_vaults_bender, vaults_room_fancy_cross,
          layout_vaults_chaotic_city, serial_shops, nicolae_lakefront_shop
Vaults:3: minmay_crypt_entry_simple_box, ontoclasm_vaults_twist,
          dpeg_vaults_monster_row, vaults_mumra_hex, dpeg_vaults_hating_casters,
          ontoclasm_vaults_shuriken, vaults_room_corners,
          layout_vaults_omnigrid, serial_shops, nicolae_diamond_shop
Vaults:4: v_misc_12, st_cells, vaults_standard_mumra_enter_the_diamond,
          v_alt_pattern_3, v_misc_9, v_misc_15,
          vaults_standard_mumra_enter_the_diamond, layout_vaults_ring
Vaults:5: serial_shops, uniq_bai_suzhen, uniq_frederick
Crypt:1:  layout_regular_city, grunt_crypt_arrival_guarded_gate
Crypt:2:  layout_catacombs, hangedman_weighted_door
Crypt:3:  lightli_unholy_cathedral, layout_chaotic_city,
          tomb_entry_shell_bobbens, uniq_vv
Depths:1: layout_roguey, enter_ziggurat_b, grunt_hell_entry_dis_grunt,
          serial_sigils_hangedman_writhe, fedhas_altar_3,
          kennysheep_random_hallway
Depths:2: cross_vault, layout_honeycomb, hell_entry, rand_demon_pan_entry_7,
          minivault_15, infiniplex_staircase_spiral
Depths:3: hangedman_grunt_twisty_little_passages, layout_gridlike, hell_entry,
          serial_shops, bzr_entry_islet, minmay_room_of_horrors, tso_altar,
          minmay_staircase_statues
Depths:4: lemuel_castle_with_subvaults [lemuel_castle_interior_carwin_1],
          layout_twisted_cross, nicolae_figureground_pulse, serial_shops, shop,
          hell_entry, abyss_entry
Zot:1:    lemuel_draconian_sentries_small, layout_basic,
          hangedman_player_shredder
Zot:2:    kennysheep_room_grid, layout_misc_corridors, grunt_megastairs_1
Zot:3:    layout_basic, uniq_tiamat
Zot:4:    layout_cathedral_of_symmetry, grunt_ministairs_13
Zot:5:    layout_cathedral_of_symmetry, skrybe_zot_glass_3

Skill      XL: |  1  2  3  4  5  6  7  8  9 10 11 12 13 14 15 16 17 18 19 20 21 22 23 24 25 26 |
---------------+-------------------------------------------------------------------------------+-----
Stealth        | 2 3 4 5 6 7 8 9 10 12 13 14 16 18 21 | 21.6
Short Blades   | 1 2 3 4 6 8 10 13 | 13.9
Fighting       | 2 3 4 5 6 7 8 10 12 15 16 17 18 19 20 | 20.8
Dodging        | 1 2 3 4 5 7 9 11 12 13 15 16 18 20 21 24 27 | 27.0
Evocations     | 5 12 15 18 21 23 | 23.7
Armour         | 5 7 10 11 | 11.7
Air Magic      | 9 12 14 15 16 17 18 20 22 | 22.1
Shields        | 2 7 8 9 10 | 10.0
Spellcasting   | 3 9 10 14 15 | 15.0
Long Blades    | |  1.5
Polearms       | |  1.3
Throwing       | |  2.0

Action                     |  1- 3 |  4- 6 |  7- 9 | 10-12 | 13-15 | 16-18 | 19-21 | 22-24 | 25-27 || total
---------------------------+-------+-------+-------+-------+-------+-------+-------+-------+-------++-------
  Melee: Dagger            |   192 |   217 |   730 |    80 |       |       |       |       |       ||  1219
         Punch             |     2 |     2 |    11 |     5 |    11 |       |       |       |       ||    31
         Short sword       |       |    21 |   100 |       |       |       |       |       |       ||   121
         Rapier            |       |       |       |   487 |   869 |  1389 |  1477 |  1708 |   713 ||  6643
         Kick              |       |       |       |    90 |   352 |   629 |   788 |  1019 |   426 ||  3304
  Throw: Boomerang         |    17 |    16 |    25 |     3 |       |     2 |    20 |     1 |     4 ||    88
   Cast: Vhi's Electric Ch |       |       |       |       |       |       |     7 |       |       ||     7
         Maxwell's Capacit |       |       |       |       |       |       |       |    83 |    77 ||   160
 Invoke: Serpent's Lash    |       |       |     7 |     7 |    18 |    16 |    23 |    16 |     4 ||    91
         Heavenly Storm    |       |       |       |       |       |       |       |     1 |       ||     1
Ability: Lunge             |     4 |    22 |    25 |    45 |   107 |   126 |   131 |   151 |    27 ||   638
         Whirlwind         |     1 |     3 |    11 |    22 |    84 |   112 |   118 |   217 |    26 ||   594
         Evoke Invisibilit |       |       |       |       |       |       |     1 |     2 |     1 ||     4
         Evoke Blink       |       |       |       |       |       |       |    14 |     6 |     4 ||    24
  Evoke: Wand              |       |       |     1 |    14 |     5 |    20 |     5 |    18 |       ||    63
         Condenser vane    |       |       |       |     2 |     4 |     4 |     8 |     6 |     2 ||    26
         Box of beasts     |       |       |       |       |     2 |     5 |    12 |     6 |     4 ||    29
         Lightning rod     |       |       |       |       |       |     8 |     4 |     7 |       ||    19
         Phial of floods   |       |       |       |       |       |     3 |     2 |     1 |       ||     6
         Phantom mirror    |       |       |       |       |       |       |       |     2 |       ||     2
         Tin of tremorston |       |       |       |       |       |       |       |       |     4 ||     4
    Use: Potion            |     1 |     1 |     4 |     5 |     2 |     8 |     4 |    22 |     5 ||    52
         Scroll            |       |     9 |     9 |    11 |    16 |    10 |     4 |    18 |     2 ||    79
   Stab: Sleeping          |     2 |    21 |    19 |    37 |    71 |    47 |   100 |    51 |     7 ||   355
         Distracted        |     1 |     4 |       |    19 |    39 |    68 |    89 |   113 |    47 ||   380
         Paralysed         |       |       |       |       |       |     2 |     1 |     1 |       ||     4
         Invisible         |       |       |       |       |       |       |    12 |    15 |     1 ||    28
         Petrified         |       |       |       |       |       |       |       |     4 |       ||     4
         Petrifying        |       |       |       |       |       |       |       |     1 |       ||     1
 Armour: Robe              |    36 |     3 |       |       |       |       |       |       |       ||    39
         Acid dragon scale |       |    20 |    57 |    30 |    31 |    41 |    34 |    41 |    36 ||   290
  Dodge: Dodged            |   164 |   130 |   390 |   383 |   509 |   933 |   930 |  1035 |   771 ||  5245
  Block: Buckler           |       |       |       |       |       |   299 |   439 |   441 |   265 ||  1444
         Reflection        |       |       |       |       |       |       |       |     4 |     1 ||     5

Table legend: (Time is in decaauts)
 A = Elapsed time spent in this place.
 B = Non-inter-level travel time spent in this place.
 C = Inter-level travel time spent in this place.
 D = Time resting spent in this place.
 E = Time spent auto-exploring this place.
 F = Levels seen in this place.
 G = Mean time per level.
                   A        B        C        D        E       F      G
               +--------+--------+--------+--------+--------+-----+--------+
         Total |  44365 |  40959 |   3406 |   2828 |  26730 |  57 |  778.3 |
       Dungeon |   9444 |   8280 |   1164 |     17 |   5743 |  15 |  629.6 |
          Lair |   3252 |   2850 |    402 |    126 |   2060 |   5 |  650.4 |
         Swamp |   2825 |   2531 |    294 |     58 |   1751 |   4 |  706.2 |
     Snake Pit |   2850 |   2729 |    121 |    102 |   1772 |   4 |  712.5 |
  Orcish Mines |   1103 |    992 |    111 |      0 |    780 |   2 |  551.5 |
   Elven Halls |   1937 |   1794 |    143 |     93 |   1215 |   3 |  645.7 |
        Vaults |   5229 |   4797 |    432 |    157 |   3274 |   5 | 1045.8 |
         Crypt |   2449 |   2392 |     57 |    137 |   1494 |   3 |  816.3 |
        Depths |   5952 |   5521 |    431 |    550 |   3505 |   4 | 1488.0 |
           Zot |   8083 |   7836 |    247 |   1569 |   4480 |   5 | 1616.6 |
         Abyss |    303 |    303 |      0 |     17 |    135 |   3 |  101.0 |
        Bazaar |    171 |    171 |      0 |      0 |    146 |   1 |  171.0 |
         Sewer |    502 |    502 |      0 |      0 |    318 |   1 |  502.0 |
       Ossuary |    157 |    157 |      0 |      0 |     51 |   1 |  157.0 |
        Bailey |    101 |    101 |      0 |      0 |      0 |   1 |  101.0 |
               +--------+--------+--------+--------+--------+-----+--------+

Top non-repeatable levels by time:
Depths:4: 2231 daAuts
   Zot:1: 2061 daAuts
Depths:3: 1947 daAuts
   Zot:5: 1942 daAuts
   Zot:2: 1420 daAuts
   Zot:3: 1339 daAuts
   Zot:4: 1320 daAuts
Vaults:3: 1253 daAuts
Vaults:5: 1083 daAuts
Vaults:2: 1042 daAuts
Vaults:1: 973 daAuts
 Crypt:3: 973 daAuts
 Snake:4: 928 daAuts
Depths:1: 903 daAuts
 Snake:3: 886 daAuts
